[Event "FRA-ch Youth 2017"]
[Site "Belfort"]
[Date "2017.04.22"]
[Round "8"]
[White "Tahay, Alexis"]
[Black "Daeschler, Florian"]
[Result "1-0"]
[ECO "C86"]
[WhiteElo "2239"]
[BlackElo "2124"]
[Annotator "NA"]
[PlyCount "65"]
[EventDate "2017.??.??"]
[EventCountry "FRA"]
[SourceTitle "playchess.com"]
[Source "ChessBase"]
[SourceQuality "1"]
[TimeControl "5400+30"]

1. e4 e5 2. Nf3 Nc6 3. Bb5 a6 4. Ba4 Nf6 5. O-O Be7 6. Qe2 b5 7. Bb3 O-O 8. c3 d5 9. d3 dxe4 {[%emt 0:05:10] LiveBook: 9 Games C86: Closed Ruy Lopez: Worrall Attack} (9... Bb7 10. Nbd2 Re8 11. Rd1 Bf8 12. Nf1 Na5 13. Bc2 c5 14. Bg5 Qb6 15. Ne3 d4 16. Nf5 h6 17. Bd2 dxc3 18. bxc3 c4 19. Be3 cxd3 20. Bxd3 Qc6 21. Nd2 Qxc3 22. Rdc1 Qa3 23. Nb1 Qa4 24. Nc3 Qa3 25. Nb1 Qa4 {½-½ (25) Smirin,I (2650)-Stefansson,H (2573) Jerusalem 2015}) 10. dxe4 Qe8 11. Bg5 $146 (11. Re1 Bg4 12. Nbd2 Bc5 13. Nf1 Nh5 14. h3 Be6 15. Ng5 g6 16. Nxe6 fxe6 17. Be3 {½-½ (32) Wilson,B (2074)-Hassan,A (2167) Baku 2016}) 11... Nd7 12. Nbd2 Nd8 13. Rfd1 Bxg5 14. Nxg5 Qe7 15. Ngf3 Rb8 16. Nf1 Nc5 17. Qe3 Rb6 18. Ng3 Rf6 (18... g6 $11 {remains equal.}) 19. Qg5 ({White should play} 19. Nh4 $16) 19... Nxb3 20. Nh5 Ne6 21. Nxf6+ Kh8 22. Qh4 gxf6 23. axb3 Nf4 24. Ne1 Rg8 {[%emt 0:01:19] [#]} 25. f3 $1 Rg6 26. Rd2 Nh3+ 27. Kh1 Qc5 28. Nd3 Qe3 29. Qe1 Qg5 (29... Qxe1+ $142 30. Rxe1 Nf4 31. Nxf4 exf4) 30. gxh3 Bxh3 31. Qf2 Qh5 32. Rg1 Rxg1+ $18 33. Kxg1 1-0

[Event "FRA-ch Youth 2017"]
[Site "Belfort"]
[Date "2017.04.22"]
[Round "8"]
[White "Viel, Simon"]
[Black "Coiffait, Pierre-Basile"]
[Result "0-1"]
[ECO "B11"]
[WhiteElo "2220"]
[BlackElo "2193"]
[Annotator "NA"]
[PlyCount "144"]
[EventDate "2017.??.??"]
[EventCountry "FRA"]
[SourceTitle "playchess.com"]
[Source "ChessBase"]
[SourceQuality "1"]
[TimeControl "5400+30"]

1. e4 c6 2. Nc3 d5 3. Nf3 Bg4 4. h3 Bxf3 5. Qxf3 e6 6. g3 Nf6 7. Bg2 Nbd7 8. d4 {[%emt 0:00:09] B11: Caro-Kann: Two Knights Variation} Nb6 $146 (8... dxe4 9. Nxe4 Nxe4 10. Qxe4 Nf6 11. Qd3 Be7 12. O-O O-O 13. Re1 Qb6 14. c3 Rfd8 15. Qe2 a5 {½-½ (47) Neiksans,A (2620)-Chigaev,M (2550) Liepaja 2016}) 9. O-O Be7 10. Bg5 O-O 11. Rad1 Rc8 12. Qd3 Nc4 13. Rb1 h6 14. Bxf6 Bxf6 15. f4 b5 16. e5 Be7 17. b3 Na3 18. Rbd1 c5 19. Ne2 c4 20. Qf3 Nxc2 21. f5 exf5 22. Nf4 Nb4 23. a3 Nd3 24. Nxd5 Bxa3 25. Qxf5 Qg5 26. Qxg5 hxg5 27. bxc4 bxc4 28. Ra1 Bb2 29. Ne7+ Kh8 30. Ra4 Bxd4+ 31. Kh2 Rce8 32. Nc6 Bb6 33. Rxc4 Nxe5 34. Re4 Nxc6 35. Rxe8 Rxe8 36. Bxc6 Re2+ 37. Bg2 Kg8 38. Rc1 g6 39. Rc4 Kg7 40. h4 gxh4 41. Rxh4 a5 42. Kh3 Bc5 43. Rc4 Bb4 $19 44. Bd5 Rd2 45. Bc6 Rd3 46. Rf4 Bd6 47. Rf3 Rxf3 48. Bxf3 f5 49. Bd1 Kf6 50. Kg2 g5 51. Kf3 Ke5 52. Bc2 f4 53. gxf4+ gxf4 54. Ba4 Kd4 55. Ke2 Kc3 56. Bc6 Kb4 57. Kd3 Bc5 58. Ke4 Be3 59. Kd3 a4 60. Bd5 a3 61. Bf7 Kc5 62. Be6 Kb4 63. Bd5 Bf2 64. Bf7 Bg3 65. Kc2 f3 66. Bh5 f2 67. Be2 Be5 68. Kb1 Kb3 69. Bd1+ Kc3 70. Be2 Kd2 71. Ba6 Ke1 72. Ka2 Bd6 0-1

[Event "FRA-ch Youth 2017"]
[Site "Belfort"]
[Date "2017.04.22"]
[Round "8"]
[White "Dudognon, Thibault"]
[Black "Le Gouic, Brendan"]
[Result "1-0"]
[ECO "A13"]
[WhiteElo "2218"]
[BlackElo "1736"]
[Annotator "NA"]
[PlyCount "67"]
[EventDate "2017.??.??"]
[EventCountry "FRA"]
[SourceTitle "playchess.com"]
[Source "ChessBase"]
[SourceQuality "1"]
[TimeControl "5400+30"]

1. c4 e6 2. g3 Nf6 3. Bg2 d5 4. Nf3 c5 5. O-O Nc6 6. b3 Be7 7. Bb2 d4 8. e3 e5 9. exd4 exd4 10. Re1 {[%emt 0:06:45] LiveBook: 8 Games A14: English Opening: 1...e6 with b3 by White} (10. d3 O-O 11. Na3 Bf5 12. Nc2 a5 13. Re1 Qd7 14. a3 Bd6 15. b4 axb4 16. axb4 Rxa1 17. Bxa1 b6 18. b5 Ne7 19. Ne5 Bxe5 20. Rxe5 {0-1 (48) Cruz,J (2459)-Kraemer,M (2546) Barcelona 2014}) 10... O-O 11. Ne5 Nb4 $146 (11... Nxe5 12. Rxe5 Bd6 13. Re1 Bg4 14. Bf3 Qd7 15. Bxg4 Nxg4 16. Qf3 Ne5 17. Qe4 Rae8 {0-1 (28) Gomez Jurado,L (2303)-Lorenzo de la Riva,L (2421) Barcelona 2014}) 12. a3 Na6 13. d3 Rb8 14. Nd2 Bd6 15. b4 Bxe5 16. Rxe5 b6 17. b5 Nc7 18. h3 Qd6 19. Re1 Bf5 20. Nf3 Rfe8 21. a4 Rxe1+ 22. Nxe1 Re8 23. Bc1 Ne6 24. a5 g5 25. axb6 axb6 26. Nf3 g4 $2 (26... h6 $11 {and Black has nothing to worry.}) 27. Nh4 Qe5 28. Bc6 Rb8 29. Ra2 $18 ({Not} 29. Nxf5 Qxf5 30. h4 Kg7 $16) 29... gxh3 30. f4 Bg4 31. fxe5 Bxd1 32. exf6 h6 33. Nf5 Ng5 34. Nxh6+ 1-0

[Event "FRA-ch Youth 2017"]
[Site "Belfort"]
[Date "2017.04.22"]
[Round "8"]
[White "Bergougnoux, Axel"]
[Black "Bournel, Antoine"]
[Result "1-0"]
[ECO "B34"]
[WhiteElo "2194"]
[BlackElo "1933"]
[Annotator "NA"]
[PlyCount "123"]
[EventDate "2017.??.??"]
[EventCountry "FRA"]
[SourceTitle "playchess.com"]
[Source "ChessBase"]
[SourceQuality "1"]
[TimeControl "5400+30"]

1. e4 c5 2. Nf3 Nc6 3. d4 cxd4 4. Nxd4 g6 5. Nc3 Bg7 6. Nde2 Nf6 7. g3 b5 8. Bg2 Rb8 9. O-O {[%emt 0:00:25] LiveBook: 74 Games} O-O 10. h3 d6 11. Re1 {[%emt 0:00:16] B70: Sicilian Dragon: 6 g3 and 6 Be2 (without a later Be3)} Nd7 12. Nd5 $146 (12. Rb1 Nc5 13. b3 a5 14. Bb2 b4 15. Nd5 Bxb2 16. Rxb2 Bb7 17. c4 bxc3 18. Nexc3 {½-½ (41) Movsesian,S (2640)-Hansen,S (2520) Koszalin 1998}) 12... e6 13. Ne3 Nb6 14. Rb1 Qc7 15. b3 a5 16. f4 b4 17. f5 exf5 18. exf5 gxf5 19. Nf4 Ne5 (19... Be6 $11 {remains equal.}) 20. Bb2 Be6 21. Qh5 Ng6 22. Bxg7 Kxg7 23. Qg5 Qc3 24. Kh2 h6 25. Nxf5+ Bxf5 26. Nh5+ Kh8 27. Qxf5 Rbc8 28. Re3 Rc5 29. Qf3 Qd4 30. Rd1 Qb2 31. Rxd6 Rxc2 32. Red3 $2 (32. Rxb6 $18 {and White stays clearly on top.} Rf2 33. Qe4) 32... Nc8 33. R6d4 f5 {[%emt 0:00:59] [#]} 34. Rd8 $1 ({Weaker is} 34. Qb7 Nce7 $16) 34... Nce7 35. Rxf8+ Nxf8 36. Rd8 Neg6 37. Qa8 Re2 38. Rxf8+ Nxf8 39. Qxf8+ Kh7 40. Qf7+ Kh8 41. Qf8+ Kh7 42. Qxf5+ Kh8 $18 43. Qf8+ Kh7 44. Qf7+ Kh8 45. Nf4 Rxg2+ 46. Nxg2 Qxa2 47. Kg1 Qd2 48. Nf4 Qe1+ 49. Kg2 Qe4+ 50. Kf2 Qd4+ 51. Kf3 Qd1+ 52. Ke4 Qc2+ 53. Ke5 Qc3+ 54. Kf5 Qc2+ 55. Kg4 Qd1+ 56. Kh4 Qd8+ 57. Kg4 Qd1+ 58. Kf5 Qc2+ 59. Kf6 Qc3+ 60. Kg6 Qxg3+ 61. Kxh6 Qh4+ 62. Nh5 1-0

[Event "FRA-ch Youth 2017"]
[Site "Belfort"]
[Date "2017.04.22"]
[Round "8"]
[White "Trouve, Guillaume"]
[Black "Gatineau, Yovann"]
[Result "0-1"]
[ECO "B40"]
[WhiteElo "2134"]
[BlackElo "2214"]
[Annotator "NA"]
[PlyCount "54"]
[EventDate "2017.??.??"]
[EventCountry "FRA"]
[SourceTitle "playchess.com"]
[Source "ChessBase"]
[SourceQuality "1"]
[TimeControl "5400+30"]

1. e4 c5 2. Nf3 e6 3. d4 cxd4 4. Nxd4 Nf6 5. Nc3 Nc6 6. Ndb5 Bb4 7. a3 Bxc3+ 8. Nxc3 d5 9. exd5 exd5 10. Bg5 {[%emt 0:03:34] LiveBook: 11 Games} (10. Bd3 $14) 10... d4 11. Qe2+ Be6 12. O-O-O Qa5 13. Bxf6 gxf6 14. Ne4 O-O-O 15. Qb5 Qc7 16. Kb1 Rd5 17. Qd3 Rhd8 18. Qg3 Ne5 19. Nxf6 Ra5 20. b4 $2 (20. Be2 $16 {stays on course.}) 20... d3 21. Bxd3 $2 (21. Rxd3 $17 Nxd3 22. Bxd3 Rxa3 23. Qxc7+ Kxc7 24. Kb2) 21... Rxa3 22. Ne4 a5 23. Rhe1 f6 24. Qe3 Nxd3 25. Nc5 Ba2+ 26. Ka1 Nxe1 27. Rxd8+ $19 Qxd8 0-1

[Event "FRA-ch Youth 2017"]
[Site "Belfort"]
[Date "2017.04.22"]
[Round "8"]
[White "Lever, Erwan"]
[Black "Micottis, Dorian"]
[Result "0-1"]
[ECO "A48"]
[WhiteElo "2129"]
[BlackElo "2249"]
[Annotator "NA"]
[PlyCount "94"]
[EventDate "2017.??.??"]
[EventCountry "FRA"]
[SourceTitle "playchess.com"]
[Source "ChessBase"]
[SourceQuality "1"]
[TimeControl "5400+30"]

1. d4 Nf6 2. Nf3 g6 3. Nbd2 d5 4. b3 {[%emt 0:00:00] D02: 1 d4 d5 2 Nf3 sidelines, including 2...Nf6 3 g3 and 2...Nf6 3 Bf4} (4. e3 a5 5. c4 Bg7 6. b3 O-O 7. Bb2 a4 8. Be2 Bf5 9. O-O Nbd7 10. b4 a3 11. Bc3 dxc4 12. Nxc4 {½-½ (47) Yu,Y (2750)-Svidler,P (2741) Shenzhen 2017}) 4... Bg7 5. Bb2 O-O 6. c4 b6 $146 (6... c5 7. dxc5 Na6 8. Bd4 Bf5 9. Rc1 Rc8 10. cxd5 Qxd5 11. Nc4 Be4 12. e3 Nxc5 13. Nce5 {½-½ (28) Lazic,M (2450)-Nestorovic,N (2412) Kragujevac 2009}) 7. g3 Bb7 8. Bg2 Nbd7 9. O-O e6 10. b4 c5 11. dxc5 bxc5 12. b5 d4 13. a4 Ne8 14. a5 Rc8 15. Qb3 Nd6 16. Ne1 Bxg2 17. Kxg2 e5 18. e4 (18. Kg1 $17) 18... f5 19. exf5 gxf5 ({Don't take} 19... Rxf5 20. f3 $17) 20. Ndf3 (20. Kh1 $17) 20... e4 21. Ng1 f4 22. Nh3 f3+ 23. Kh1 Ne5 24. Nf4 Rxf4 ({Resist} 24... Nexc4 25. Ne6 Qd7 26. Nxf8 Kxf8 27. Nxf3 $19) ({Don't do} 24... Ndxc4 25. Ra4 Qf6 26. Rxc4 $19) 25. gxf4 Qh4 26. fxe5 Bxe5 27. Rg1+ Kh8 28. Rg3 Bxg3 29. fxg3 {[%emt 0:00:08] [#]} Qf6 $2 (29... Qg4 $1 $19 30. Qd1 {[#]} f2 $1 31. Bxd4+ cxd4 32. Qxd4+ Qg7 33. Qxg7+ Kxg7) 30. Nc2 f2 31. Rf1 Nxc4 $1 32. Kg2 $1 Nd2 (32... Nxa5 33. Qd5 Qf3+ 34. Kh3 $16) 33. Qe3 Nxf1 34. Kxf1 Qe6 ({Stronger than} 34... dxe3 35. Bxf6+ Kg8 36. Be5 $16 (36. Nxe3 Rb8 $14)) 35. Nxd4 $2 (35. Qxf2 $15 Kg8 36. Nxd4 cxd4 37. Qxd4 Qc4+ 38. Ke1 (38. Qxc4+ $2 Rxc4 39. Bf6 Rc5 $19) 38... Qxd4 39. Bxd4) 35... Qh3+ 36. Kxf2 Qxh2+ 37. Ke1 Qxb2 38. Ne6 Qe5 39. Ng5 (39. Nf4 $142) 39... Rf8 40. b6 Qa1+ 41. Ke2 Qa2+ 42. Ke1 Qxa5+ 43. Ke2 Qa2+ 44. Ke1 Qb1+ 45. Ke2 Qf1+ 46. Kd2 Rd8+ 47. Kc2 Qd1+ 0-1

[Event "FRA-ch Youth 2017"]
[Site "Belfort"]
[Date "2017.04.22"]
[Round "8"]
[White "Degraeve, Remy"]
[Black "David, Bogdan-Emanuel"]
[Result "1-0"]
[ECO "B24"]
[WhiteElo "2126"]
[BlackElo "2099"]
[Annotator "NA"]
[PlyCount "39"]
[EventDate "2017.??.??"]
[EventCountry "FRA"]
[SourceTitle "playchess.com"]
[Source "ChessBase"]
[SourceQuality "1"]
[TimeControl "5400+30"]

1. e4 c5 2. Nc3 Nc6 3. Bb5 Nd4 4. Bc4 g6 5. Nf3 Bg7 6. Nxd4 cxd4 7. Qf3 Nh6 8. Ne2 O-O 9. d3 {[%emt 0:00:08] LiveBook: 105 Games} Ng4 {[%emt 0:01:32] B23: Closed Sicilian: Lines without g3} 10. Bb3 d6 11. Qg3 Bd7 12. h4 a5 13. a4 Qb6 $146 (13... h5 14. f3 Ne5 15. Nxd4 Qb6 16. Be3 Kh7 17. O-O Nxf3+ 18. Nxf3 Qxe3+ {0-1 (82) Solak,D (2510)-Nikiforenko,S Dos Hermanas 2003}) 14. h5 Rfc8 15. hxg6 hxg6 16. Qh4 Kf8 (16... Rc5 {is a better defense.} 17. Bg5 (17. Qxe7 Be8 18. Bf4 Qb4+ 19. Bd2 Qb6 $11) 17... Nf6) 17. Bg5 Qb4+ 18. Kf1 f6 19. Nf4 fxg5 20. Nxg6+ 1-0

[Event "FRA-ch Youth 2017"]
[Site "Belfort"]
[Date "2017.04.22"]
[Round "8"]
[White "Maache, Jawad"]
[Black "Boyer, Mahel"]
[Result "1-0"]
[ECO "D00"]
[WhiteElo "2119"]
[BlackElo "2020"]
[Annotator "NA"]
[PlyCount "64"]
[EventDate "2017.??.??"]
[EventCountry "FRA"]
[SourceTitle "playchess.com"]
[Source "ChessBase"]
[SourceQuality "1"]
[TimeControl "5400+30"]

1. d4 d5 2. Nc3 e5 {[%emt 0:18:55] D00: 1 d4 d5: Unusual lines} (2... Nf6 3. Bf4 a6 4. e3 e6 5. Nf3 c5 6. a3 b5 7. Bd3 Bb7 8. O-O Nbd7 9. Re1 Be7 10. Ne5 O-O 11. Nxd7 Nxd7 {0-1 (55) Jobava,B (2702)-Carlsen,M (2840) Doha 2016}) 3. dxe5 d4 4. Ne4 Nc6 5. Nf3 Bg4 $146 (5... Nf6 6. Nxf6+ gxf6 7. exf6 Nb4 8. Nxd4 c5 9. Nb5 Bf5 10. e4 Bxe4 11. Bc4 Nxc2+ {0-1 (11) Rosenstock,F-Hartogh,C Goettingen 2008}) 6. Bf4 Nge7 7. h3 Bxf3 8. exf3 Ng6 9. Qd2 (9. Bg3 $14) 9... Qd5 10. Be2 Nxf4 11. Qxf4 Qxe5 12. Qxe5+ Nxe5 13. O-O-O O-O-O (13... Nc6 $14) 14. f4 Nc6 15. Ng5 Re8 16. Bg4+ Kb8 17. Nxf7 Rg8 18. Bf3 Nd8 19. Bd5 Ne6 20. Rhe1 Bd6 21. Nxd6 cxd6 22. Rxe6 Rxe6 23. Bxe6 Re8 24. f5 g6 $18 25. g4 gxf5 26. gxf5 Re7 27. Rxd4 Rg7 28. Rg4 Re7 29. Rg8+ Kc7 30. Rc8+ Kb6 31. f6 Rxe6 32. f7 Re1+ 1-0

[Event "FRA-ch Youth 2017"]
[Site "Belfort"]
[Date "2017.04.22"]
[Round "8"]
[White "Haussernot, Cecile"]
[Black "Bureau-Leroyer, Lola"]
[Result "1-0"]
[ECO "B01"]
[WhiteElo "2107"]
[BlackElo "1635"]
[Annotator "NA"]
[PlyCount "75"]
[EventDate "2017.??.??"]
[EventCountry "FRA"]
[SourceTitle "playchess.com"]
[Source "ChessBase"]
[SourceQuality "1"]
[TimeControl "5400+30"]

1. e4 d5 2. exd5 Qxd5 3. Nc3 Qa5 4. d4 Nf6 5. Bc4 Bf5 6. Nf3 e6 7. Bd2 {[%emt 0:02:57] B01: Scandinavian Defence} Bb4 8. a3 Bxc3 $1 9. Bxc3 {[%emt 0:00:05] LiveBook: 48 Games} Qb6 10. Ne5 (10. Nh4 Be4 11. Qe2 Nc6 12. O-O-O O-O-O 13. Qe3 h6 14. Rhe1 {½-½ (36) Adams,M (2742)-Laznicka,V (2676) Baku 2015}) 10... Nc6 11. O-O O-O 12. a4 a5 13. Bb5 Ne7 $146 (13... Nxe5 14. dxe5 {1-0 (31) Shubin,K (2216)-Panov,M (2187) St Petersburg 2015}) 14. g4 c6 15. Be2 Bg6 16. h4 Qc7 (16... h6 $11 {keeps the balance.}) 17. h5 Be4 18. f3 Bd5 19. Be1 c5 $1 20. c4 cxd4 21. Bg3 Nc6 22. cxd5 Nxe5 23. Qxd4 Nfd7 24. d6 Qc2 25. Bxe5 Qxe2 26. Rae1 Qa6 27. Bxg7 Rfd8 28. Bf6 Nxf6 29. Qxf6 Qxd6 30. Re5 Kf8 31. g5 Qd4+ 32. Rf2 Qh4 33. Kg2 Qxh5 34. Rxe6 Kg8 35. Re1 Rd5 36. Re5 Rad8 $2 (36... Rd1 $11) 37. Rfe2 Rxe5 38. Qxd8+ 1-0

[Event "FRA-ch Youth 2017"]
[Site "Belfort"]
[Date "2017.04.22"]
[Round "8"]
[White "Heliot, Xabi"]
[Black "Pigeat, Alexandre"]
[Result "0-1"]
[ECO "C15"]
[WhiteElo "2081"]
[BlackElo "2259"]
[Annotator "NA"]
[PlyCount "94"]
[EventDate "2017.??.??"]
[EventCountry "FRA"]
[SourceTitle "playchess.com"]
[Source "ChessBase"]
[SourceQuality "1"]
[TimeControl "5400+30"]

1. e4 e6 2. d4 d5 3. Nc3 Bb4 4. exd5 exd5 5. Bd3 Nc6 6. Nge2 Nge7 7. O-O Bf5 8. Bxf5 Nxf5 {[%emt 0:00:23] LiveBook: 10 Games} 9. Qd3 {[%emt 0:00:06] C01: French: Exchange Variation} (9. Nf4 Nfe7 10. Qg4 Bxc3 11. bxc3 O-O 12. Ba3 Qc8 13. Qh5 Qd7 14. Rae1 Rfe8 15. Bxe7 Nxe7 16. Re5 c6 {1-0 (54) McShane,L (2652)-Hawkins,J (2590) London 2016}) 9... Nfe7 10. Qb5 a6 $146 (10... O-O 11. Bg5 f6 12. Bf4 a6 13. Qd3 Ng6 14. Rfe1 Qd7 {0-1 (38) Mamyrbay,A (2128)-Suleymenov,A (2271) Pavlodar 2015}) 11. Qd3 O-O 12. Bg5 f6 13. Be3 Qd7 14. Na4 b6 15. a3 Bd6 16. c4 dxc4 17. Qxc4+ Kh8 18. Nac3 Nf5 19. Qd3 Rfe8 20. Rac1 Nce7 21. Ne4 Ng6 22. Nxd6 cxd6 23. Nf4 Ngh4 24. Rc3 g5 25. Nh5 Qf7 ({Weaker is} 25... Nxe3 26. fxe3 f5 27. g3 $16) 26. Qd1 b5 (26... Qd5 $15 27. Qg4 Re4 28. Nxf6 Rxg4 29. Nxd5 Rxg2+ 30. Kh1 Rf8) 27. g3 Rg8 $1 28. gxh4 gxh4+ 29. Kh1 Qd5+ 30. f3 Nxe3 31. Rxe3 Qxh5 32. d5 Rg7 33. f4 Qh6 34. Re6 Rag8 ({But not} 34... Qg6 35. Qf3 $17) 35. Qf3 Qg6 36. Qf2 h3 37. Rfe1 Qd3 38. Qe3 (38. R6e3 {only move.} Qd4 39. Qe2) 38... Qxd5+ 39. Qe4 Qc5 40. Qe3 $19 Qc2 41. Qf3 Qg6 42. Qf2 d5 43. f5 Qf7 44. Qf3 d4 45. Qe4 Rg4 46. Qf3 Qg7 47. Qf1 Qb7+ 0-1

[Event "FRA-ch Youth 2017"]
[Site "Belfort"]
[Date "2017.04.22"]
[Round "8"]
[White "Popov, Konstantin"]
[Black "Nguyen-Cadoret, Nathan"]
[Result "1-0"]
[ECO "C84"]
[WhiteElo "2026"]
[BlackElo "1930"]
[Annotator "NA"]
[PlyCount "93"]
[EventDate "2017.??.??"]
[EventCountry "FRA"]
[SourceTitle "playchess.com"]
[Source "ChessBase"]
[SourceQuality "1"]
[TimeControl "5400+30"]

1. e4 e5 2. Nf3 Nc6 3. Bb5 a6 4. Ba4 Nf6 5. O-O Be7 6. d3 b5 7. Bb3 d6 8. a4 Bb7 9. Nbd2 O-O 10. Re1 Na5 11. Ba2 bxa4 {[%emt 0:00:55] C88: Closed Ruy Lopez: Anti-Marshall Systems} (11... c5 12. Nf1 b4 13. Bg5 Rb8 14. N3d2 Nd5 15. Bxe7 Nxe7 16. Ne3 Bc8 17. Qh5 Be6 18. Bxe6 fxe6 19. Nec4 Nxc4 20. Nxc4 {0-1 (33) Shirov,A (2679)-Gledura,B (2585) Germany 2017}) 12. Bb1 c5 $146 (12... Bc6 13. b4 Nb7 14. c4 Bd7 15. Ba3 c5 16. bxc5 Nxc5 17. Bxc5 dxc5 18. Nxe5 Bd6 19. Nef3 {1-0 (44) Thogersen,R (1953)-Stolberg Rohr,T (2044) Helsingor 2013}) 13. Rxa4 Bc6 14. Ra1 Qc7 15. Ba2 h6 16. Nf1 Bd7 17. Ne3 Rfb8 18. Nh4 Bf8 19. Qf3 Be6 20. Nhf5 Qd8 21. Qg3 Kh7 22. f4 Nh5 23. Qg4 Nxf4 24. g3 Ng6 25. Rf1 Nc6 26. h4 Nge7 $2 (26... Ra7 $11) 27. h5 d5 28. exd5 Nxd5 29. Qe4 Rb4 30. Nd4+ f5 31. Nxe6 fxe4 32. Nxd8 Nxe3 33. Nxc6 Nxf1 34. Kxf1 Rb6 35. Nxe5 Rf6+ 36. Bf4 Bd6 37. Nd7 Rf5 38. dxe4 Rxh5 39. Kg2 Be7 40. Bf7 g6 41. Ne5 Kg7 42. Bd5 Rf8 43. g4 Rxf4 44. gxh5 gxh5 45. Rxa6 Bf6 46. Ra7+ Kf8 47. Ng6+ 1-0

[Event "FRA-ch Youth 2017"]
[Site "Belfort"]
[Date "2017.04.22"]
[Round "8"]
[White "Afraoui, Anaelle"]
[Black "Bartels, Karina"]
[Result "1/2-1/2"]
[ECO "C00"]
[WhiteElo "1977"]
[BlackElo "1759"]
[Annotator "NA"]
[PlyCount "126"]
[EventDate "2017.??.??"]
[EventCountry "FRA"]
[SourceTitle "playchess.com"]
[Source "ChessBase"]
[SourceQuality "1"]
[TimeControl "5400+30"]

1. e4 e6 2. d4 a6 3. Bd3 b5 4. Nf3 Bb7 5. O-O Nf6 6. Qe2 c5 7. c3 Nc6 8. Nbd2 {[%emt 0:02:52] B00: Queen's Fianchetto Defence, Nimzowitsch Defence} (8. d5 Ne7 9. Bg5 h6 10. Bh4 exd5 11. Bxf6 gxf6 12. exd5 Bxd5 13. c4 bxc4 14. Bxc4 Be6 15. Nc3 Qb6 16. Rad1 {½-½ (27) Polak,T (2513)-Beck,H (2362) Austria 2014}) 8... cxd4 9. Nxd4 Bc5 $146 (9... Ne5 10. Bc2 Bc5 11. N2b3 Be7 12. Bg5 h6 13. Bxf6 gxf6 14. a4 b4 15. f4 Nc6 16. Nxc6 Bxc6 {½-½ (140) Schwarz,D (2294)-Druska,J (2226) Slovakia 2011}) 10. N2b3 Bb6 11. Bg5 Qc7 12. Rfe1 d6 13. a4 bxa4 14. Rxa4 Ne5 15. Bxa6 Bxa6 16. Rxa6 Ke7 (16... Rxa6 $16 17. Qxa6 O-O) 17. Rea1 Rxa6 18. Rxa6 Nc4 19. Ra4 Rc8 20. Ra2 Qb7 21. h3 h6 22. Bxf6+ gxf6 23. Ra1 Bxd4 24. Nxd4 Qxb2 25. Ra7+ Ke8 26. Qd1 Qxc3 27. Nb5 Qe5 28. Qa4 Kf8 29. g3 Qc5 30. Nd4 Nb6 31. Qd1 Qc1 32. Qxc1 Rxc1+ 33. Kg2 Rc4 34. Nb5 Rc6 35. Ra6 Ke7 36. Kf3 e5 $14 37. Kg4 Ke6 38. Ra7 d5 39. Nc7+ Kd6 40. Nxd5 Nxd5 41. exd5 Kxd5 42. Rxf7 Ke6 43. Rh7 Rc2 44. Kf3 Rc3+ 45. Kg2 e4 46. Rxh6 e3 47. fxe3 Rxe3 48. Rh5 f5 49. Rh4 Kf6 50. Rf4 Kg5 51. h4+ Kg6 52. Kf2 Ra3 53. Rb4 Kh5 54. Rb8 f4 55. Rb5+ Kg4 56. Rg5+ Kh3 57. gxf4 Kxh4 58. Rg8 Rb3 59. Ke2 Ra3 60. f5 Ra5 61. f6 Rf5 62. Rf8 Kg5 63. f7 Kg6 1/2-1/2

[Event "FRA-ch Youth 2017"]
[Site "Belfort"]
[Date "2017.04.22"]
[Round "8"]
[White "Rollot, Florence"]
[Black "Imperor, Amelie"]
[Result "1-0"]
[ECO "A30"]
[WhiteElo "1973"]
[BlackElo "1820"]
[Annotator "NA"]
[PlyCount "123"]
[EventDate "2017.??.??"]
[EventCountry "FRA"]
[SourceTitle "playchess.com"]
[Source "ChessBase"]
[SourceQuality "1"]
[TimeControl "5400+30"]

1. c4 c5 2. g3 Nc6 3. Bg2 e5 4. Nc3 g6 5. Nf3 Bg7 6. O-O Nge7 7. Ne1 d6 8. Nc2 Be6 9. Ne3 O-O 10. d3 Rb8 11. Ned5 a6 12. a4 Bxd5 {[%emt 0:08:50] A37: Symmetrical English vs ...g6: 4 Bg2 Bg7 5 Nf3} (12... b6 13. f4 exf4 14. Bxf4 Bxd5 15. Nxd5 Nxd5 16. Bxd5 Nb4 17. Qd2 Nxd5 18. cxd5 b5 19. Bh6 Bxh6 20. Qxh6 {½-½ (28) Grachev,B (2669)-Gabrielian,A (2555) Moscow 2014}) 13. Nxd5 $146 (13. cxd5 Nb4 14. a5 Kh8 15. Bd2 f5 16. Qb3 b6 17. axb6 Rxb6 18. Qc4 Rb8 19. Na2 a5 20. Rfc1 {½-½ (38) Ciorgovean,I (2112)-Mongescu,V (2016) Baile Felix 2017}) 13... Nxd5 14. Bxd5 Ne7 15. Bg2 d5 16. Bg5 d4 17. Qc2 f5 18. Qd2 Bf6 19. Bh6 Bg7 20. Bxg7 Kxg7 21. b4 b6 22. Rfb1 Qc7 23. Rb2 Nc6 24. Bxc6 Qxc6 25. b5 axb5 26. axb5 Qb7 27. Rba2 Ra8 28. Qg5 h6 29. Qd2 g5 30. Ra6 f4 31. Qa2 fxg3 32. hxg3 Rxa6 33. bxa6 Qf7 34. Rf1 Ra8 35. Qa4 h5 36. Qb5 Qa7 37. Ra1 Qc7 38. Rb1 (38. Kg2 $16) 38... Rb8 39. Ra1 Ra8 40. Rb1 $11 Rb8 41. Kg2 g4 42. Rh1 Qf7 43. Qc6 Rf8 44. Qb7 Qxb7+ 45. axb7 Rb8 46. Rxh5 Rxb7 47. Rxe5 Kf6 48. Rd5 Rb8 49. Rd6+ Ke5 50. Rc6 Kf5 51. f3 Re8 52. Kf2 gxf3 53. exf3 Re3 54. Rxb6 Rxd3 55. Rc6 Rd2+ 56. Ke1 Ra2 57. Rxc5+ Ke6 58. Rd5 Ra3 59. Ke2 Ra2+ 60. Kd3 Ra3+ 61. Ke4 Ra8 62. Kxd4 1-0

[Event "FRA-ch Youth 2017"]
[Site "Belfort"]
[Date "2017.04.22"]
[Round "8"]
[White "Guerin, Juliette"]
[Black "Aubert, Laurane"]
[Result "0-1"]
[ECO "B40"]
[WhiteElo "1945"]
[BlackElo "1998"]
[Annotator "NA"]
[PlyCount "94"]
[EventDate "2017.??.??"]
[EventCountry "FRA"]
[SourceTitle "playchess.com"]
[Source "ChessBase"]
[SourceQuality "1"]
[TimeControl "5400+30"]

1. e4 c5 2. Nf3 e6 3. c3 Nf6 4. e5 Nd5 5. d4 cxd4 6. cxd4 d6 7. Bc4 Nc6 8. O-O Be7 9. Qe2 O-O 10. Qe4 Qc7 11. Bd3 f5 {[%emt 0:00:17] B22: Sicilian: 2 c3} 12. exf6 Nxf6 13. Qe2 Nb4 14. Bc4 d5 15. Bb3 Nc6 16. Nc3 a6 17. Rd1 Bd6 18. h3 Bd7 19. Be3 $146 (19. Bg5) 19... Rae8 20. Rac1 Qb8 21. a3 Kh8 22. Qd3 Na5 23. Bc2 Nc4 24. Rb1 Nxe3 25. Qxe3 e5 26. dxe5 Bxe5 27. Nxe5 Rxe5 28. Qg3 Qe8 29. Rbc1 Qe7 30. f4 Re3 31. Re1 Re8 32. Rxe3 Qxe3+ 33. Qxe3 Rxe3 34. Rd1 Bc6 35. Kf2 Re8 36. Rd4 Kg8 37. Bb3 Rd8 38. g4 Kf8 39. g5 Ng8 (39... Nd7 $14) 40. Bxd5 Ne7 41. Bxc6 Rxd4 42. Bxb7 Rd2+ 43. Ke1 Rxb2 $17 44. Bxa6 Rb3 45. Nb5 Nd5 46. f5 Rxh3 47. a4 Nb6 0-1